Map: Tourmaline LE

Players

Altria - Winner!

  • Race: Zerg Zerg
  • League: Diamond
  • Spawn Location: 7:00

HoldTheDoor

  • Race: Protoss Protoss
  • League: Diamond
  • Spawn Location: 1:00

VOD

Have the link to the VOD?

Description

Time

  • Played on: May 11, 2026, 8:31 a.m.
  • Length: 7:50
Show
View Real Time Build Order
Export as new Build Order

Altria Zerg - Winner!

Build Orders: Hatch First 

Get SALT Encoding   

  12  0:00  Drone  
  13  0:12  Overlord  
  13  0:16  Drone  
  14  0:30  Drone x2  
  16  0:46  Hatchery  
  15  0:50  Drone  
  15  0:53  Drone  
  15  0:56  Drone  
  18  1:09  Extractor  
  17  1:12  Spawning Pool  
  17  1:15  Drone  
  17  1:19  Drone  
  18  1:28  Drone  
  19  1:39  Drone  
  20  1:49  Overlord  
  20  1:59  Queen x2  
  20  2:00  Drone x2  
  26  2:22  Metabolic Boost  
  26  2:25  Hatchery  
  26  2:26  Drone  
  26  2:27  Drone  
  27  2:31  Drone  
  27  2:32  Drone  
  27  2:36  Drone  
  30  2:38  Drone  
  31  2:45  Queen  
  31  2:50  Overlord  
  33  2:53  Drone x2  
  33  2:57  Overlord  
  35  3:07  Drone  
  35  3:10  Drone x3  
  35  3:12  Drone x2  
  41  3:14  Zergling x4  
  43  3:20  Zergling x4  
  43  3:23  Queen  
  47  3:30  Zergling x2  
  48  3:41  Queen  
  48  3:42  Overlord  
  48  3:43  Drone x5  
  55  3:50  Spore Crawler  
  55  3:51  Spore Crawler, Drone  
  55  3:52  Drone  
  55  3:54  Drone x2  
  55  3:55  Drone  
  58  3:59  Overlord  
  58  4:04  Overlord  
  58  4:08  Overlord  
  59  4:10  Drone x2  
  60  4:21  Queen  
  60  4:23  Drone x6  
  68  4:32  Roach Warren  
  68  4:33  Drone x4  
  68  4:36  Zergling x6  
  74  4:39  Zergling x4  
  74  4:41  Spore Crawler  
  75  4:51  Zergling x14  
  82  4:53  Overlord  
  82  4:58  Extractor x2  
  80  5:03  Zergling x4  
  80  5:06  Overlord x2  
  82  5:10  Lair  
  82  5:29  Drone  
  82  5:30  Drone x4  
  82  5:31  Drone  
  87  5:36  Roach x5, Extractor  
  87  5:37  Extractor  
  87  5:38  Overlord x2  
  87  5:39  Drone x4  
  99  5:44  Overlord  
  99  6:00  Drone x4  
  99  6:02  Roach x4  
  111  6:04  Hatchery  
  111  6:11  Drone x4, Evolution Chamber  
  114  6:13  Glial Reconstitution, Evolution Chamber  
  114  6:15  Overseer  
  114  6:16  Overseer  
  112  6:21  Roach x3  
  118  6:36  Roach x4, Hydralisk Den  
  118  6:39  Spore Crawler  
  121  6:47  Overlord x2  
  121  6:51  Drone  
  121  6:52  Drone x3  
  121  6:53  Drone, Extractor  
  125  6:55  Roach x2  
  124  7:09  Roach x11  
  146  7:26  Ravager  
  146  7:27  Ravager x2  
  146  7:28  Ravager  
  150  7:31  Hatchery  
Show
View Real Time Build Order
Export as new Build Order

HoldTheDoor Protoss 

Build Orders: 1 Gate Expand, Zealot Archon, Archon Drop, Dark Templar Rush 

Get SALT Encoding   

  12  0:00  Probe  
  13  0:12  Probe  
  14  0:18  Pylon  
  14  0:24  Probe  
  15  0:32  Probe  
  15  0:39  Gateway  
  16  0:43  Probe  
  16  0:45  Assimilator  
  17  0:55  Probe  
  18  1:19  Nexus  
  18  1:29  Cybernetics Core  
  18  1:31  Probe  
  19  1:36  Assimilator  
  19  1:43  Probe  
  20  1:47  Pylon  
  20  1:54  Stalker  
  20  1:56  Probe  
  21  2:07  Warp Gate  
  21  2:08  Probe  
  24  2:20  Gateway  
  24  2:25  Adept  
  26  2:31  Probe  
  26  2:32  Probe  
  28  2:43  Probe  
  29  2:46  Robotics Facility  
  29  2:50  Probe  
  30  3:01  Twilight Council  
  30  3:10  Gateway  
  30  3:11  Probe  
  30  3:12  Probe  
  32  3:20  Assimilator  
  32  3:23  Probe  
  32  3:24  Probe  
  34  3:35  Probe  
  34  3:36  Probe  
  34  3:38  Warp Prism  
  38  3:47  Probe  
  39  3:48  Probe  
  39  3:54  Dark Shrine  
  40  3:55  Pylon  
  40  4:01  Stalker  
  42  4:07  Stalker  
  44  4:10  Probe  
  45  4:37  Gateway  
  45  4:39  Gateway  
  45  4:42  Pylon  
  45  4:43  Probe  
  45  4:45  Forge  
  46  4:57  Pylon, Probe  
  46  4:58  Probe  
  48  5:07  Dark Templar  
  48  5:08  Dark Templar x2  
  54  5:34  Charge  
  54  5:35  Protoss Ground Weapons Level 1  
  50  5:36  Probe x2  
  50  5:40  Zealot x3  
  50  5:41  Zealot x2  
  62  5:43  Immortal  
  66  5:54  Nexus  
  66  5:56  Pylon  
  66  6:00  Probe x2  
  68  6:10  Dark Templar  
  70  6:14  Archon, Probe  
  71  6:18  Pylon  
  71  6:20  Dark Templar  
  71  6:21  Pylon  
  71  6:22  Dark Templar  
  75  6:28  Archon  
  75  6:29  Probe x2  
  77  6:33  Pylon  
  77  6:39  Stargate  
  77  6:41  Zealot  
  77  6:42  Zealot  
  79  6:49  Photon Cannon  
  79  6:52  Photon Cannon  
  79  6:54  Shield Battery  
  79  6:58  Photon Cannon  
  79  7:07  Photon Cannon  
  79  7:18  Dark Templar x3  
  79  7:19  Dark Templar  
  87  7:23  Archon  
  87  7:24  Archon  
  81  7:42  Zealot  
Tags
 
Add a new tag
Caveats
  • Supply blocks, unpowered buildings, or Contaminate may cause inaccurate times.
  • Supply counts are checked every 10 seconds.